General information
- name: BNet
- type: Ladder team game (AT/RT)
- host: Battle.net
- saver: MrFrosty
map: TwistedMeadows
- players: 4
- length: 15:31
- speed: Fast
- version: 1.23 W3XP
- replay type: Public
» download(85 KB)
Players
team 1 (winner)
MrFrosty (
red | 123 APM | 1908 actions | 15:31)
5 Archmage
3 Summon Water Elemental
2 Brilliance Aura
2 Death Knight
1 Unholy Aura
1 Death Coil
2 Lich
1 Frost Nova
1 Dark Ritual
1 Crypt Lord
1 Impale
» actions
| Assign group hotkey | 27 | |
| Basic commands | 50 | |
| Build / train | 66 | |
| ESC pressed | 1 | |
| Enter build submenu | 13 | |
| Enter hero's abilities submenu | 10 | |
| Give item / drop item | 6 | |
| Right click | 919 | |
| Select / deselect | 445 | |
| Select group hotkey | 295 | |
| Use ability | 76 | |
1908 total
» units
| Peasant | 20 | |
| Footman | 11 | |
| Forest Troll Shadow Priest | 2 | |
| Crypt Fiend | 6 | |
| Obsidian Statue | 2 | |
| Abomination | 1 | |
42 total
» upgrades
» buildings
| Altar of Kings | 1 | |
| Farm | 6 | |
| Barracks | 1 | |
| Scout Tower | 2 | |
| Arcane Vault | 1 | |
| Arcane Tower | 2 | |
| Keep | 1 | |
| Town Hall | 1 | |
| Slaughterhouse | 1 | |
16 total
» build order
00:06 Altar of Kings
00:08 Farm
00:36 Barracks
01:01 Farm
02:41 Farm
03:09 Scout Tower
03:45 Arcane Vault
04:27 Arcane Tower
04:53 Farm
06:41 Keep
08:09 Town Hall
08:11 Scout Tower
09:06 Farm
09:08 Farm
12:50 Arcane Tower
13:09 Slaughterhouse
» items
| Dust of Appearance | 1 | |
| Scroll of Regeneration | 2 | |
| Lesser Clarity Potion | 3 | |
| Scroll of Healing | 1 | |
| Potion of Mana | 1 | |
8 total
Pack-La-BogNets (
yellow | 125 APM | 1286 actions | 10:19)
3 Death Knight
2 Death Coil
1 Unholy Aura
2 Lich
1 Frost Nova
1 Frost Armor
» actions
| Assign group hotkey | 37 | |
| Basic commands | 12 | |
| Build / train | 37 | |
| ESC pressed | 1 | |
| Enter build submenu | 15 | |
| Enter hero's abilities submenu | 5 | |
| Give item / drop item | 6 | |
| Right click | 547 | |
| Select / deselect | 121 | |
| Select group hotkey | 457 | |
| Use ability | 48 | |
1286 total
» units
| Acolyte | 2 | |
| Ghoul | 3 | |
| Crypt Fiend | 10 | |
| Obsidian Statue | 1 | |
16 total
» upgrades
| Creature Attack | 1 | |
| Burrow | 1 | |
| Destroyer Form | 1 | |
3 total
» buildings
| Graveyard | 1 | |
| Crypt | 1 | |
| Altar of Darkness | 1 | |
| Ziggurat | 5 | |
| Tomb of Relics | 1 | |
| Halls of the Dead | 2 | |
| Black Citadel | 1 | |
| Slaughterhouse | 1 | |
13 total
» build order
00:13 Graveyard
00:18 Crypt
00:48 Altar of Darkness
01:02 Ziggurat
01:25 Tomb of Relics
02:04 Ziggurat
04:19 Halls of the Dead
04:52 Ziggurat
06:47 Black Citadel
06:55 Slaughterhouse
07:24 Ziggurat
09:24 Ziggurat
» items
| Rod of Necromancy | 3 | |
| Dust of Appearance | 1 | |
| Potion of Healing | 2 | |
| Orb of Corruption | 1 | |
7 total
team 2 (loser)

»
KOWSAUCE (
blue | 89 APM | 1367 actions | 15:25)
4 Keeper of the Grove
2 Entangling Roots
2 Thorns Aura
1 Death Knight
1 Death Pact
» actions
| Assign group hotkey | 97 | |
| Basic commands | 3 | |
| Build / train | 49 | |
| Enter build submenu | 11 | |
| Enter hero's abilities submenu | 5 | |
| Give item / drop item | 1 | |
| Right click | 688 | |
| Select / deselect | 187 | |
| Select group hotkey | 232 | |
| Use ability | 94 | |
1367 total
» units
» upgrades
| Moon Armor | 1 | |
| Strength of the Moon | 1 | |
2 total
» buildings
| Altar of Elders | 1 | |
| Moon Well | 5 | |
| Hunter's Hall | 1 | |
| Ancient of War | 2 | |
| Ancient of Wonders | 1 | |
| Tree of Life | 1 | |
11 total
» build order
00:08 Altar of Elders
00:19 Moon Well
01:22 Hunter's Hall
02:08 Ancient of War
02:10 Ancient of War
02:17 Moon Well
03:20 Ancient of Wonders
03:28 Moon Well
04:23 Moon Well
07:41 Tree of Life
14:00 Moon Well
» items
| Lesser Clarity Potion | 3 | |
| Potion of Lesser Invulnerability | 2 | |
| Scroll of Healing | 1 | |
| Dust of Appearance | 1 | |
| Boots of Speed | 1 | |
8 total
mallik (
pink | 59 APM | 912 actions | 15:28)
3 Death Knight
2 Death Coil
1 Unholy Aura
2 Lich
1 Frost Nova
1 Frost Armor
» actions
| Assign group hotkey | 8 | |
| Basic commands | 8 | |
| Build / train | 39 | |
| Enter build submenu | 16 | |
| Enter hero's abilities submenu | 5 | |
| Remove unit from queue | 4 | |
| Right click | 615 | |
| Select / deselect | 176 | |
| Select group hotkey | 10 | |
| Use ability | 31 | |
912 total
» units
| Acolyte | 2 | |
| Ghoul | 1 | |
| Crypt Fiend | 15 | |
| Obsidian Statue | 4 | |
22 total
» upgrades
» buildings
| Crypt | 1 | |
| Graveyard | 1 | |
| Ziggurat | 4 | |
| Altar of Darkness | 1 | |
| Tomb of Relics | 1 | |
| Halls of the Dead | 1 | |
| Slaughterhouse | 1 | |
| Black Citadel | 1 | |
11 total
» build order
00:07 Crypt
00:21 Graveyard
00:40 Ziggurat
01:00 Altar of Darkness
01:45 Tomb of Relics
02:26 Ziggurat
03:52 Halls of the Dead
05:03 Ziggurat
06:32 Slaughterhouse
07:22 Ziggurat
12:30 Black Citadel
» items
| Rod of Necromancy | 1 | |
| Scroll of Town Portal | 1 | |
2 total
Chat log
(00:25 / All) Pack-La-BogNets: moomoo\
(10:17 / All) Pack-La-BogNets: G_G
(10:20 / All) KOWSAUCE: GG
(15:24 / All) KOWSAUCE: gg wp cant be fucked
(15:28 / All) MrFrosty: gg